 Dungeon Crawl Stone Soup version 0.21.1-1-g345015fe64 (webtiles) character file.

44 Ikesh the Insei (level 3, 0/23 HPs)
             Began as an Octopode Transmuter on Mar 10, 2018.
             Succumbed to an adder's poison
             ... on level 2 of the Dungeon.
             The game lasted 00:05:00 (970 turns).

Ikesh the Insei (Octopode Transmuter)                Turns: 970, Time: 00:05:00

Health: 0/23       AC:  1    Str:  8 (10) XL:     3   Next: 62%
Magic:  6/6        EV: 19    Int: 14 (15) God:
Gold:   22         SH:  0    Dex: 15 (17) Spells: 4/7 levels left

rFire    . . .     SeeInvis .   f - +0 whip
rCold    . . .     Gourm    .   (no shield)
rNeg     . . .     Faith    .   (helmet restricted)
rPois    .         Spirit   .   d - amulet of magic regeneration
rElec    .         Reflect  .   (no ring)
rCorr    .         Harm     .   (no ring)
MR       .....                  (no ring)
Stlth    ++++......             (no ring)
HPRegen  0.07/turn              (no ring)
MPRegen  0.35/turn              (no ring)
                                (no ring)
                                (no ring)

@: agile, lethally poisoned (0 -> -3), flying
A: almost no armour, stealthy swim, amphibious, 8 rings, constrict 8, camouflage
1, gelatinous body 1
a: no special abilities


You were on level 2 of the Dungeon.
You were not hungry.

You visited 1 branch of the dungeon, and saw 2 of its levels.

You collected 22 gold pieces.

Inventory:

Hand Weapons
 f - a +0 whip (weapon)
Missiles
 a - 12 arrows
Jewellery
 d - an amulet of magic regeneration (around mantle)
Scrolls
 e - a scroll of identify {unknown}
 j - a scroll of fog {unknown}
Books
 b - a book of Changes

   Spells                             Type                      Level
   a - Beastly Appendage              Transmutation                1
   b - Sticks to Snakes               Transmutation                2
   c - Spider Form                    Transmutation/Poison         3
   d - Ice Form                       Ice/Transmutation            4
   e - Blade Hands                    Transmutation                5
Comestibles
 c - 2 rations
 g - 3 chunks of flesh


   Skills:
 + Level 1.1 Fighting
 - Level 0.1 Maces & Flails
 + Level 2.3 Dodging
 + Level 0.4 Stealth
 + Level 3.5 Unarmed Combat
 + Level 2.5 Spellcasting
 + Level 2.5 Transmutations


You had 4 spell levels left.
You knew the following spells:

 Your Spells              Type           Power        Failure   Level  Hunger
a - Beastly Appendage     Tmut           #.....       9%          1    #......
b - Sticks to Snakes      Tmut           #.......     12%         2    ###....


Dungeon Overview and Level Annotations

Branches:
Dungeon (2/15)

Altars:


Innate Abilities, Weirdness & Mutations

You cannot wear most types of armour.
You are very stealthy in the water. (Stealth+)
You are amphibious.
You can wear up to eight rings at the same time.
You can use your tentacles to constrict eight enemies at once.
Your skin changes colour to match your surroundings (Stealth+).
Your rubbery body absorbs attacks. (AC +1, EV +1)


Message History

Things that are here:
a bat corpse; a rat corpse
* * * LOW HITPOINT WARNING * * *
You feel sick.
* * * LOW HITPOINT WARNING * * *
You feel sick.
Your tentacle spike disappears.
* * * LOW HITPOINT WARNING * * *
You feel sick.
You see here a dark potion.
It was a potion of flight.
You feel very buoyant.
You fly up into the air.
* * * LOW HITPOINT WARNING * * *
You feel sick.
* * * LOW HITPOINT WARNING * * *
You feel sick.
Eat one of 4 chunks of flesh? (ye/n/q)
You eat one of the 4 chunks of flesh.
This raw flesh tastes terrible.
You die...

#######
##......
#..$...##
#.......#
#.......#
#.....@.#
#.......#####
#...........#
#.<...†####.#
#......<# #.#
#.......# #.#
#.......# #.#
#######.# #.#
#.# #.#


There were no monsters in sight!

Vanquished Creatures
  An adder (D:2)
  An ooze (D:1)
  A dart slug (D:1)
  A leopard gecko (D:1)
  2 bats
  A giant cockroach (D:1)
  3 goblins (D:1)
  5 hobgoblins (D:1)
  3 jackals (D:1)
  A ball python (D:1)
  3 kobolds (D:1)
  6 rats
28 creatures vanquished.

Notes
Turn   | Place    | Note
-------+----------+-------------------------------------------
     0 | D:1      | Ikesh the Octopode Transmuter began the quest for the Orb.
     0 | D:1      | Reached XP level 1. HP: 13/13 MP: 3/3
   195 | D:1      | Reached XP level 2. HP: 18/18 MP: 5/5
   199 | D:1      | Learned a level 2 spell: Sticks to Snakes
   722 | D:1      | Reached XP level 3. HP: 15/23 MP: 6/6
   967 | D:2      | HP: 1/23 [poisoned by an adder]
   970 | D:2      | Succumbed to an adder's poison

Action                   || total
-------------------------++-------
Melee: Whip              ||    59
       Constrict         ||    18
       Kick              ||    13
       Tentacles         ||     7
       Unarmed           ||     1
 Cast: Beastly Appendage ||    18
  Use: Potion            ||     3
 Stab: Sleeping          ||     4
  Eat: Chunk             ||     1
Armor: Skin              ||     5
Dodge: Dodged            ||    42
